 Dungeon Crawl Stone Soup version 0.30-b1-2-g02819fbbbe (webtiles) character file.

Game seed: 568483064870302118

108 Alarkh the Trooper (level 4, 35/35 HPs)
             Began as a Demonspawn Artificer on Nov 24, 2023.
             Got out of the dungeon alive.
             The game lasted 00:01:42 (1882 turns).

Alarkh the Trooper (Demonspawn Artificer)           Turns: 1882, Time: 00:01:42

Health: 35/35      AC:  3    Str: 13    XL:     4   Next: 58%
Magic:  4/4        EV: 11    Int: 14    God:
Gold:   76         SH:  0    Dex: 13    Spells: 3/3 levels left

rFire   . .          .
                       - Unarmed
rCold   . . .        (no shield)
rNeg    . . .        b - +0 leather armour
rPois   .            (no helmet)
rElec   .            (no cloak)
rCorr   .            (no gloves)
SInv    .            (no boots)
Will    .....        (no amulet)
Stlth   +            (no ring)
HPRegen 0.25/turn    (no ring)
MPRegen 0.09/turn

%: no passive effects
@: no status effects
A: claws 2, foul stench 1
a: no special abilities


You escaped.
You visited 1 branch of the dungeon, and saw 2 of its levels.

You collected 76 gold pieces.

Inventory:

Armour
 b - a +0 leather armour (worn)
Jewellery
 l - a +6 ring of intelligence
 n - a ring of see invisible
Wands
 c - a wand of flame (3) (quivered)
 d - a wand of charming (15)
 e - a wand of iceblast (5)
Scrolls
 f - 5 scrolls of teleportation
 i - a scroll of vulnerability {unknown}
 m - 2 scrolls of identify {unknown}
Potions
 a - a potion of curing {unknown}
 g - a potion of lignification {unknown}
 h - 3 potions of heal wounds {unknown}
 j - a potion of brilliance {unknown}
 k - 2 potions of might {unknown}


   Skills:
 + Level 3.1 Fighting
 - Level 1.7 Armour
 - Level 0.8 Dodging
 - Level 0.8 Stealth
 * Level 2.7 Unarmed Combat
 - Level 3.0 Evocations


You had 3 spell levels left.
You didn't know any spells.
Your spell library contained the following spells:

 Spells                   Type           Power      Damage    Failure   Level
 Vhi's Electric Charge    Tloc/Air       0%         N/A       73%         3
 Arcjolt                  Conj/Air       0%         1d10      100%        5
 Plasma Beam              Fire/Air       0%         2x1d11    100%        6


Dungeon Overview and Level Annotations

Branches:
Dungeon (2/15)

Altars:


Innate Abilities, Weirdness & Mutations

You have very sharp fingernails.
You may rarely emit foul miasma when damaged in melee.


Message History

Aim: Natasha (64% to hit)
The puff of flame hits Natasha!
Natasha is heavily wounded.
Aiming: Throw Flame
Press: ? - help, Shift-Dir - straight line, f/p - Natasha
Aim: Natasha (heavily wounded, 64% to hit)
The puff of flame hits Natasha!
You kill Natasha!
You feel Natasha's spirit has finally been put to rest.
Your Fighting skill increases to level 3!
h - 3 coppery potions (gained 1)
You see here the felid corpse of Natasha.
There is an open door here.
There is an open door here.
There is an open door here.
You now have 76 gold pieces (gained 12).
There is an open door here.
You see here a +0 dagger.
A goblin comes into view. It is wielding a +0 dagger.
The goblin shouts!
A goblin is nearby!
A goblin is nearby!
A goblin is nearby!
You claw the goblin!
You kill the goblin!
No target in view!
You see here a +0 mace.
Done exploring.
Done exploring.
Done exploring.
Done exploring.
(D) Dungeon
Where to? (Enter - D:2, ? - help)
What level of the Dungeon? (default 1, ? - help)
There is a stone staircase leading up here.
You climb upwards.
There is a stone staircase leading down here.
There is a staircase leading out of the dungeon here.
Are you sure you want to leave the Dungeon?
This will make you lose the game!
You have escaped!

#...###.# ##.#.# ##.##
#.##################.#.#
#.#
#.#..................#.#
#.#
#.#.##################.#
##.# #.#.# #.#
...####.#># #.#
..........######### #.#
#######...........# #.#
..........######@>#
########.####
########..# #.##
#.......#.... ### #..#
#.# #.######.#### ..#
#..######.## #.# #...#
#.# #..........###.#
###.# #.#
#..####.....##.# #.# #.#
#..###.......#.# #.# ..#
##...##.........# #.#
#.# ##.....#.......###
#.#


There were no monsters in sight!

Vanquished Creatures
  Natasha (thrice) (D:2)
  A dart slug (D:1)
  5 endoplasms
  8 goblins
  A hobgoblin (D:1)
  A quokka (D:1)
  3 ball pythons
  6 bats
  A frilled lizard (D:1)
  A kobold (D:1)
  3 rats
33 creatures vanquished.

Notes
Turn   | Place    | Note
-------+----------+-------------------------------------------
     0 | D:1      | Alarkh the Demonspawn Artificer began the quest for the
                  | Orb.
     0 | D:1      | Reached XP level 1. HP: 15/15 MP: 1/1
   185 | D:1      | Gained mutation: You have sharp fingernails. [demonic
                  | ancestry]
   185 | D:1      | Reached XP level 2. HP: 14/22 MP: 2/2
   520 | D:1      | Reached skill level 1 in Unarmed Combat
   887 | D:2      | Noticed Natasha
   893 | D:2      | Killed Natasha
   894 | D:2      | Gained mutation: You have very sharp fingernails. [demonic
                  | ancestry]
   894 | D:2      | Reached XP level 3. HP: 14/28 MP: 3/3
  1603 | D:2      | Noticed Natasha
  1608 | D:2      | Killed Natasha
  1609 | D:2      | Gained mutation: You may rarely emit foul miasma when
                  | damaged in melee. [demonic ancestry]
  1609 | D:2      | Reached XP level 4. HP: 25/34 MP: 4/4
  1697 | D:2      | Noticed Natasha
  1703 | D:2      | Killed Natasha
  1882 | D:$      | Got out of the dungeon alive.

Illustrated notes

Levels and vault maps discovered:
D:1:      dpeg_arrival_tiny_a, layout_loops_ring
D:2:      layout_basic, uniq_natasha

Skill      XL: |  1  2  3  4 |
---------------+-------------+-----
Fighting       | 2 3 |  3.1
Unarmed Combat | 1 2 |  2.7
Armour         | |  1.7
Dodging        | |  0.8
Stealth        | |  0.8
Evocations     | |  3.0

Action                     |  1- 3 |  4- 6 || total
---------------------------+-------+-------++-------
  Melee: Club              |    35 |       ||    35
         Unarmed           |    69 |     1 ||    70
         Punch             |     2 |       ||     2
  Evoke: Wand              |     8 |     4 ||    12
    Use: Scroll            |     1 |       ||     1
   Stab: Sleeping          |     2 |       ||     2
 Armour: Leather armour    |    40 |       ||    40
  Dodge: Dodged            |    82 |       ||    82
